AoeStats
← JROCK

Arena

507898777Analyzed
3v3 RM · 12d ago on Sep 20, 2026· 45m 54s· 6 players
Game mode
Random Map
Map size
Normal (6 player)
Population
200
Speed
Normal
Resources
Standard
Victory
Conquest
Starting age
Dark Age
Ending age
Imperial Age
RankedLock teamsTeams togetherTeam positionsShared explorationLock speedFull tech treeHidden civsTurbo modeCheats
Victory
Defeat
🇺🇸 Gurjaras · United States
1484
+13
🇺🇸 Italians · United States
1337
+19
🇺🇸 Dravidians · United States
1304
+19
🇺🇸 Slavs · United States
1448
-19
🇷🇺 Khmer · Russia
1408
-17
🇺🇸 Portuguese · United States
1338
-15
Bandit
10:45 Feudal Age
14:36 Castle Age
12:32 Double-Bit Axe
12:42 Horse Collar
15:42 Bow Saw
15:34 Heavy Plow
20:09 Wheelbarrow
27:15 Imperial Age
24:31 Loom
24:59 Gold Mining
25:55 Hand Cart
27:47 Ballistics
27:31 Fletching
29:00 Chemistry
28:14 Kshatriyas
28:06 Town Watch
28:28 Bodkin Arrow
29:18 Conscription
29:57 Thumb Ring
30:30 Gold Shaft Mining
30:33 Elite Elephant Archer
31:22 Bracer
32:23 Padded Archer Armor
32:06 Treadmill Crane
33:17 Siege Elephant
34:20 Leather Archer Armor
34:10 Stone Mining
34:32 Fortified Wall
34:18 Murder Holes
34:34 Masonry
36:12 Frontier Guards
37:16 Scale Barding Armor
37:21 Forging
37:59 Hoardings
37:31 Guard Tower
38:12 Architecture
37:22 Elite Shrivamsha Rider
38:13 Bloodlines
38:04 Husbandry
37:34 Light Cavalry
38:36 Chain Barding Armor
39:40 Iron Casting
40:24 Hussar
41:59 Plate Barding Armor
43:48 Keep
44:30 Caravan
d34dm4n
10:57 Feudal Age
14:47 Castle Age
12:40 Double-Bit Axe
12:42 Horse Collar
17:47 Bow Saw
18:06 Heavy Plow
22:35 Wheelbarrow
23:33 Hand Cart
29:05 Imperial Age
26:28 Gold Mining
27:24 Loom
27:24 Town Watch
27:53 Pikeman
31:07 Two-Man Saw
30:17 Scale Barding Armor
30:15 Padded Archer Armor
30:05 Fletching
31:32 Chemistry
30:56 Squires
31:39 Conscription
31:35 Pirotechnia
32:12 Bodkin Arrow
32:33 Leather Archer Armor
32:28 Elite Genoese Crossbowman
33:48 Bracer
34:19 Ring Archer Armor
34:09 Town Patrol
36:38 Hoardings
37:16 Forging
37:07 Scale Mail Armor
38:36 Iron Casting
38:04 Squires
41:02 Blast Furnace
40:18 Chain Mail Armor
40:38 Thumb Ring
41:56 Hoardings
44:03 Stone Mining
45:29 Plate Mail Armor
45:25 Ballistics
JROCK
10:43 Feudal Age
15:04 Castle Age
13:30 Double-Bit Axe
13:27 Horse Collar
16:15 Bow Saw
16:06 Heavy Plow
19:27 Wheelbarrow
27:38 Imperial Age
26:01 Hand Cart
26:24 Ballistics
25:51 Pikeman
26:41 Scale Mail Armor
27:13 Masonry
27:06 Squires
27:21 Forging
26:59 Gambesons
28:16 Chain Mail Armor
29:31 Chemistry
28:19 Halberdier
28:55 Loom
30:14 Two-Man Saw
29:08 Gold Mining
29:09 Stone Mining
30:23 Plate Mail Armor
30:28 Iron Casting
30:19 Caravan
37:28 Blast Furnace
40:08 Elite Urumi Swordsman
41:14 Conscription
41:24 Conscription
44:05 Wootz Steel
44:46 Scale Barding Armor
46:23 Hoardings
Spider2YBanana
10:44 Feudal Age
14:37 Castle Age
12:43 Double-Bit Axe
13:04 Horse Collar
15:50 Bow Saw
17:10 Heavy Plow
22:56 Stone Mining
22:57 Gold Mining
27:06 Wheelbarrow
29:29 Imperial Age
26:45 Loom
28:26 Gold Mining
29:01 Hand Cart
29:59 Padded Archer Armor
30:27 Fortified Wall
30:53 Treadmill Crane
31:49 Conscription
32:51 Two-Man Saw
33:22 Chemistry
33:54 Siege Engineers
35:41 Arquebus
37:47 Bombard Tower
37:18 Pikeman
39:06 Elite Organ Gun
41:51 Halberdier
43:00 Scale Mail Armor
MGmoney28
10:39 Feudal Age
14:16 Castle Age
12:16 Double-Bit Axe
12:27 Horse Collar
15:44 Bow Saw
16:20 Loom
27:07 Imperial Age
24:25 Man-at-Arms
25:17 Scale Mail Armor
25:37 Heavy Plow
26:09 Forging
25:53 Long Swordsman
26:50 Chain Mail Armor
26:39 Squires
27:10 Gold Mining
27:12 Stone Mining
28:09 Iron Casting
27:15 Two-Handed Swordsman
28:28 Plate Mail Armor
28:46 Gold Shaft Mining
28:07 Capped Ram
29:47 Wheelbarrow
31:10 Blast Furnace
30:04 Pikeman
31:06 Onager
31:46 Halberdier
35:24 Druzhina
37:16 Siege Ram
37:24 Siege Ram
38:13 Siege Engineers
40:08 Champion
YuriiVegas
10:01 Feudal Age
14:11 Castle Age
12:17 Double-Bit Axe
13:23 Horse Collar
15:03 Heavy Plow
16:19 Bow Saw
20:50 Wheelbarrow
21:02 Stone Mining
21:41 Loom
22:10 Gold Mining
22:56 Town Watch
23:47 Hand Cart
28:39 Imperial Age
27:09 Gold Shaft Mining
27:03 Scale Barding Armor
28:05 Chain Barding Armor
28:43 Stone Shaft Mining
28:33 Bloodlines
28:34 Husbandry
29:09 Forging
29:31 Elite Battle Elephant
31:00 Conscription
31:31 Plate Barding Armor
34:00 Heavy Scorpion
35:59 Double Crossbow
37:41 Siege Engineers
39:56 Chemistry
38:24 Light Cavalry
39:57 Hussar
41:27 Ballistics
45:36 Town Patrol
Connection lost

Rejoining the realm…

Still unreachable

The connection could not be restored.

Session expired

The server has moved on; the page needs a fresh start.